 Dungeon Crawl Stone Soup version 0.22-a0-533-g4d20840 (webtiles) character file.

184 Goblin1989 the Firebug (level 5, -2/31 HPs)
             Began as an Octopode Fire Elementalist on June 23, 2018.
             Slain by Blork the orc
             ... wielding a +0 trident
              (10 damage)
             ... on level 4 of the Dungeon.
             The game lasted 00:09:03 (3398 turns).

Goblin1989 the Firebug (Octopode Fire Elementalist) Turns: 3398, Time: 00:09:04

Health: -2/31      AC:  1    Str: 11    XL:     5   Next: 63%
Magic:  1/9        EV: 14    Int: 18    God:
Gold:   184        SH:  0    Dex: 13    Spells: 8/9 levels left

rFire    . . .     SeeInvis .   (no weapon)
rCold    . . .     Gourm    .   (no shield)
rNeg     . . .     Faith    .   (helmet restricted)
rPois    .         Spirit   .   (no amulet)
rElec    .         Reflect  .   l - ring of flight
rCorr    .         Harm     .   u - +4 ring of strength
MR       .....                  (no ring)
Stlth    +++.......             (no ring)
HPRegen  0.10/turn              (no ring)
MPRegen  0.11/turn              (no ring)
                                (no ring)
                                (no ring)

@: no status effects
A: almost no armour, stealthy swim, amphibious, 8 rings, constrict 8, camouflage
1, gelatinous body 1
a: Evoke Flight


You were on level 4 of the Dungeon.
You were not hungry.

You visited 1 branch of the dungeon, and saw 4 of its levels.

You collected 184 gold pieces.

Inventory:

Hand Weapons
 w - a +0 blowgun {@w1}
 z - a +0 hunting sling
Missiles
 o - 28 arrows
 p - 57 stones (quivered) {@Q3}
 v - 7 tomahawks
 x - 17 sling bullets
 y - 7 javelins {@Q2}
 A - 11 poisoned needles
Jewellery
 l - a ring of flight (left tentacle)
 u - a +4 ring of strength (right tentacle)
Scrolls
 f - 3 scrolls of identify {unknown}
 j - a scroll of magic mapping {unknown}
 k - a scroll of random uselessness {unknown}
 m - 2 scrolls of teleportation {unknown}
 q - a scroll of amnesia {unknown}
 s - a scroll of fear {unknown}
 B - a scroll of enchant weapon {unknown}
 C - a scroll of remove curse {unknown}
Potions
 g - 2 potions of lignification {unknown}
 h - a potion of heal wounds {unknown}
 n - a potion of degeneration {unknown}
 r - a potion of berserk rage {unknown}
 t - a potion of magic {unknown}
 D - 2 potions of curing {unknown}
 F - 2 potions of ambrosia {unknown}
Comestibles
 e - 3 rations
 E - 3 chunks of flesh


   Skills:
 + Level 3.0 Dodging
 - Level 2.6 Stealth
 + Level 2.7 Spellcasting
 * Level 3.1 Conjurations
 * Level 4.2 Fire Magic


You had 8 spell levels left.
You knew the following spells:

 Your Spells              Type           Power        Failure   Level  Hunger
a - Flame Tongue          Conj/Fire      ###..        3%          1    #......

Your spell library contained the following spells:

 Spells                   Type           Power        Failure   Level  Hunger
 Fireball                 Conj/Fire      ###.......   71%         5    ######.
 Conjure Flame            Conj/Fire      ###.....     11%         3    ###....
 Throw Flame              Conj/Fire      ###...       5%          2    ##.....
 Sticky Flame             Conj/Fire      ###.....     36%         4    #####..
 Inner Flame              Hex/Fire       ##......     22%         3    ###....


Dungeon Overview and Level Annotations

Branches:
Dungeon (4/15)
 Temple: D:4-7

Altars:
Trog

Annotations:
D:4 Blork the orc


Innate Abilities, Weirdness & Mutations

You cannot wear most types of armour.
You are very stealthy in the water. (Stealth+)
You are amphibious.
You can wear up to eight rings at the same time.
You can use your tentacles to constrict eight enemies at once.
Your skin changes colour to match your surroundings (Stealth+).
Your rubbery body absorbs attacks. (AC +1, EV +1)


Message History

Casting: Flame Tongue (safe; 3% risk of failure)
Confirm with . or Enter, or press ? or * to list all spells.
Aiming: Flame Tongue (safe; 3% risk of failure)
Press: ? - help, Shift-Dir - straight line, f/p - leopard gecko
Aim: a leopard gecko (almost dead, clinging)
The flame tongue hits the leopard gecko.
You kill the leopard gecko!
You now have 7/9 mp.
Casting: Flame Tongue (safe; 3% risk of failure)
Confirm with . or Enter, or press ? or * to list all spells.
You can't see any susceptible monsters within range! (Use Z to cast anyway.)
Casting: Flame Tongue (safe; 3% risk of failure)
Confirm with . or Enter, or press ? or * to list all spells.
You can't see any susceptible monsters within range! (Use Z to cast anyway.)
You butcher the leopard gecko corpse.
E - 3 chunks of flesh (gained 1)
You see here a leopard gecko skeleton. x2
MP restored: 9 You open the door. 4 gnolls and an ogre come into view.
The ogre shouts!
The gnoll shouts! x2
There is an open door here.
There are monsters nearby!
You see here a leopard gecko skeleton.
There is a stone staircase leading down here.
You climb downwards.
Found a stone staircase leading down.
There is a stone staircase leading up here.
Blork the orc comes into view.
He is wielding a trident.
Casting: Flame Tongue (safe; 3% risk of failure)
Confirm with . or Enter, or press ? or * to list all spells.
Aiming: Flame Tongue (safe; 3% risk of failure)
Press: ? - help, Shift-Dir - straight line, f - Blork the orc
Aim: Blork the orc, wielding a trident and wearing a robe (resting)
The flame tongue hits Blork the orc.
Blork the orc is moderately wounded.
Blork the orc shouts!
Blork the orc points at you and mumbles some strange words.
The puff of frost hits you!
You take 12 damage, and have 19/31 hp.
MASSIVE DAMAGE!!
You now have 8/9 mp.
Casting: Flame Tongue (safe; 3% risk of failure)
Confirm with . or Enter, or press ? or * to list all spells.
Aiming: Flame Tongue (safe; 3% risk of failure)
Press: ? - help, Shift-Dir - straight line, f/p - Blork the orc
Aim: Blork the orc, wielding a trident and wearing a robe (moderately wounded)
The flame tongue misses Blork the orc.
You now have 7/9 mp.
Casting: Flame Tongue (safe; 3% risk of failure)
Confirm with . or Enter, or press ? or * to list all spells.
Aiming: Flame Tongue (safe; 3% risk of failure)
Press: ? - help, Shift-Dir - straight line, f/p - Blork the orc
Aim: Blork the orc, wielding a trident and wearing a robe (moderately wounded)
The flame tongue hits Blork the orc.
Blork the orc is heavily wounded.
Blork the orc closely misses you.
You now have 6/9 mp.
Casting: Flame Tongue (safe; 3% risk of failure)
Confirm with . or Enter, or press ? or * to list all spells.
Aiming: Flame Tongue (safe; 3% risk of failure)
Press: ? - help, Shift-Dir - straight line, f/p - Blork the orc
Aim: Blork the orc, wielding a trident and wearing a robe (heavily wounded)
The flame tongue hits Blork the orc.
Blork the orc is severely wounded.
Blork the orc hits you from afar with a trident!
* * * LOW HITPOINT WARNING * * *
You take 11 damage, and have 8/31 hp.
MASSIVE DAMAGE!!
You now have 5/9 mp.
Casting: Flame Tongue (safe; 3% risk of failure)
Confirm with . or Enter, or press ? or * to list all spells.
Aiming: Flame Tongue (safe; 3% risk of failure)
Press: ? - help, Shift-Dir - straight line, f/p - Blork the orc
Aim: Blork the orc, wielding a trident and wearing a robe (severely wounded)
The flame tongue misses Blork the orc.
You now have 4/9 mp.
Casting: Flame Tongue (safe; 3% risk of failure)
Confirm with . or Enter, or press ? or * to list all spells.
Aiming: Flame Tongue (safe; 3% risk of failure)
Press: ? - help, Shift-Dir - straight line, f/p - Blork the orc
Aim: Blork the orc, wielding a trident and wearing a robe (severely wounded)
The flame tongue hits Blork the orc.
Blork the orc is severely wounded.
Blork the orc looks satisfied for a moment.
You now have 3/9 mp.
You aren't carrying any items that you can evoke.
Unknown command.
Casting: Flame Tongue (safe; 3% risk of failure)
Confirm with . or Enter, or press ? or * to list all spells.
Aiming: Flame Tongue (safe; 3% risk of failure)
Press: ? - help, Shift-Dir - straight line, f/p - Blork the orc
Aim: Blork the orc, wielding a trident and wearing a robe (severely wounded)
The flame tongue misses Blork the orc.
Blork the orc misses you.
You now have 2/9 mp.
Casting: Flame Tongue (safe; 3% risk of failure)
Confirm with . or Enter, or press ? or * to list all spells.
Aiming: Flame Tongue (safe; 3% risk of failure)
Press: ? - help, Shift-Dir - straight line, f/p - Blork the orc
Aim: Blork the orc, wielding a trident and wearing a robe (severely wounded)
The flame tongue hits Blork the orc.
Blork the orc is almost dead.
Blork the orc hits you from afar with a trident!
You die...

█.█ . .. █. █.█
...█.. .█
█....█ .███.
█..... .█...
█.....██ █...█
█...o.@███..█
...█..█......█
██..███...███
............█
█........███..█
█.......<█ ...█
........█ █.█
.......██
.......


You could see Blork the orc.

Vanquished Creatures
  An eye of draining (D:3)
  3 adders
  An ooze (D:3)
  2 worms
  A dart slug (D:1)
  4 leopard geckos
  3 orcs (D:3)
  4 giant cockroaches
  7 goblins
  5 hobgoblins
  11 kobolds
  A quokka (D:2)
  2 bats (D:2)
  4 frilled lizards
  9 rats
58 creatures vanquished.

Notes
Turn   | Place    | Note
-------+----------+-------------------------------------------
     0 | D:1      | Goblin1989 the Octopode Fire Elementalist began the quest for the Orb.
     0 | D:1      | Reached XP level 1. HP: 11/11 MP: 3/3
   133 | D:1      | Reached XP level 2. HP: 16/17 MP: 0/5
  1432 | D:2      | Reached XP level 3. HP: 19/21 MP: 3/6
  2642 | D:3      | Noticed an eye of draining
  2644 | D:3      | Found a bloodstained altar of Trog.
  2686 | D:3      | Reached XP level 4. HP: 27/27 MP: 2/7
  2909 | D:3      | Killed an eye of draining
  2909 | D:3      | Reached skill level 4 in Fire Magic
  2909 | D:3      | Reached XP level 5. HP: 31/31 MP: 0/9
  3371 | D:3      | Noticed an ogre
  3387 | D:4      | Noticed Blork the orc
  3398 | D:4      | Slain by Blork the orc

Vault maps used:
D:1:      erik_arrival_blinker_ship
D:2:      minmay_misc_feat_nine_boxes
D:3:      grunt_temple_overflow_champion_of_chaos, trog_eyes_of_draining
D:4:      led_sif_book, grunt_ministairs_8, minivault_11,
          yredelemnul_altar_generic, uniq_blork_the_orc

Skill      XL: |  1  2  3  4  5 |
---------------+----------------+-----
Conjurations   | 2 3 |  3.1
Fire Magic     | 4 |  4.2
Dodging        | 3 |  3.0
Stealth        | |  2.6
Spellcasting   | |  2.7

Action                   |  1- 3 |  4- 6 || total
-------------------------+-------+-------++-------
Melee: Unarmed           |     9 |     2 ||    11
       Constrict         |     3 |     1 ||     4
       Tentacles         |     3 |     1 ||     4
 Cast: Flame Tongue      |    62 |    48 ||   110
  Eat: Chunk             |     3 |     2 ||     5
       Ration            |     1 |       ||     1
Armor: Skin              |       |     1 ||     1
Dodge: Dodged            |    14 |    13 ||    27

Table legend:
 A = Spawn XP
 B = Non-spawn XP
 C = Spawn XP percentage of total XP
 D = Spawn monster count
 E = Non-spawn monster count
 F = Spawn count percentage of total count
 G = Total turns spent on level
                    A         B        C        D         E        F      G
               +---------+---------+-------+---------+---------+-------+---------
         Total |       0 |     263 |   0.0 |       0 |      58 |   0.0 |  3398
               +---------+---------+-------+---------+---------+-------+---------
           D:1 |       0 |      25 |   0.0 |       0 |      14 |   0.0 |  1388
           D:2 |       0 |      41 |   0.0 |       0 |      17 |   0.0 |   950
           D:3 |       0 |     197 |   0.0 |       0 |      27 |   0.0 |  1047
               +---------+---------+-------+---------+---------+-------+---------

Vault maps used:
D:1:      erik_arrival_blinker_ship
D:2:      minmay_misc_feat_nine_boxes
D:3:      grunt_temple_overflow_champion_of_chaos, trog_eyes_of_draining
D:4:      led_sif_book, grunt_ministairs_8, minivault_11,
          yredelemnul_altar_generic, uniq_blork_the_orc
